 Dungeon Crawl Stone Soup version 0.29-a0-577-gafbf2c5d25 (webtiles) character file.

Game seed: 1334719071006175299

80735 croobank the Covert (level 15, 0/108 HPs)
             Began as a Gnoll Delver on June 13, 2022.
             Was an Initiate of Gozag.
             Slain by a mana viper (8 damage)
             ... led by a naga ritualist
             ... on level 2 of the Lair of Beasts.
             The game lasted 02:18:10 (25087 turns).

croobank the Covert (Gnoll Delver)                 Turns: 25087, Time: 02:18:11

Health: 0/108      AC: 18    Str: 14 (16) XL:     15   Next: 68%
Magic:  0/29       EV: 15    Int: 19 (20) God:    Gozag
Gold:   6466       SH:  5    Dex: 13      Spells: 15/34 levels left

rFire   . . .      SeeInvis .   a - +2 broad axe (elec)
rCold   + . .      Faith    .   (no shield)
rNeg    + + +      Spirit   .   l - +6 ring mail of Patience {Drain rN+++ Int+2 Stlth+}
rPois   .          Reflect  +   h - +2 helmet
rElec   .          Harm     .   K - +0 cloak
rCorr   +          Rampage  .   S - +0 pair of gloves
Will    ++...                   E - +0 pair of boots
Stlth   ++++++....              k - amulet of reflection
HPRegen 1.08/turn               G - ring of resist corrosion
MPRegen 0.21/turn               z - ring of Moodiness {rC+ Will+ Str+3}

@: lethally poisoned (0 -> -1), gold aura, very slightly contaminated
A: fangs 1, strong nose, distributed training, talons 1, deformed body,
deterioration 2, frail 1, regeneration 1, screaming 1, strong 1, subdued magic 1
a: Renounce Religion, Potion Petition, Call Merchant, Bribe Branch


You were on level 2 of the Lair of Beasts.
You worshipped Gozag.
Gozag was greatly pleased with you.
You visited 4 branches of the dungeon, and saw 21 of its levels.
You also visited: Ice Cave and Volcano.

You collected 7109 gold pieces.
You spent 516 gold pieces at shops.
You paid 127 gold pieces to Gozag.

Inventory:

Hand Weapons
 a - a +2 broad axe of electrocution (weapon)
 b - the +9 shortbow of the Eggplant {freeze, rElec}
   (You found it on level 6 of the Dungeon)

   Any ammunition fired from it freezes those it strikes, dealing additional
   cold damage.
   It can also slow down cold-blooded creatures.
   rElec:     It insulates you from electricity.
 m - a +2 dagger of protection
 n - the +7 whip of Change {chaos, rF+ rC++ rCorr Stlth+}
   (You took it off a wight on level 8 of the Dungeon)

   Each time it hits an enemy it has a different, random effect.
   rF:        It protects you from fire.
   rC:        It greatly protects you from cold.
   rCorr:     It protects you from acid and corrosion.
   Stlth:     It makes you more stealthy.
 o - the +3 shortbow "Unocyts" {vorpal, rPois Will+ SInv Stlth+}
   (You found it on level 2 of the Lair of Beasts)

   Any ammunition fired from it inflicts extra damage upon your enemies.
   rPois:     It protects you from poison.
   SInv:      It lets you see invisible.
   Will:      It increases your willpower.
   Stlth:     It makes you more stealthy.
 p - a +4 battleaxe of freezing
 v - the +4 hand axe of Cicvo {vorpal, Dex+7}
   (You found it in an ice cave)

   It inflicts extra damage upon your enemies.
   Dex:       It affects your dexterity (+7).
 C - a +2 scimitar of flaming
 P - a +2 dire flail of holy wrath
Missiles
 Y - a throwing net (quivered)
Armour
 h - a +2 helmet (worn)
 l - the +6 ring mail of Patience (worn) {Drain rN+++ Int+2 Stlth+}
   (You found it on level 8 of the Dungeon)

   Int:       It affects your intelligence (+2).
   rN:        It renders you almost immune to negative energy.
   Drain:     It drains your maximum health when unequipped.
   Stlth:     It makes you more stealthy.
 q - the +8 orange crystal plate armour {Archmagi, Int+3 Clar}
   (You acquired it on level 3 of the Dungeon)

   Int:       It affects your intelligence (+3).
   Clar:      It protects you against confusion.
 y - +1 steam dragon scales
 E - a +0 pair of boots (worn)
 J - +0 fire dragon scales
 K - a +0 cloak (worn)
 L - a +0 tower shield of cold resistance
 S - a +0 pair of gloves (worn)
Jewellery
 i - a +4 ring of protection
 k - an amulet of reflection (around neck)
 s - a ring of protection from cold
 t - a +6 ring of intelligence
 w - a ring of positive energy
 z - the ring of Moodiness (right hand) {rC+ Will+ Str+3}
   (You bought it in a shop on level 4 of the Dungeon)

   [ring of protection from cold]

   Str:       It affects your strength (+3).
   rC:        It protects you from cold.
   Will:      It increases your willpower.
 B - a +6 ring of strength
 G - a ring of resist corrosion (left hand)
 I - a ring of magical power
 Z - a +6 ring of strength
Wands
 g - a wand of digging (8)
 A - a wand of polymorph (6)
 O - a wand of iceblast (5)
 X - a wand of mindburst (8)
Scrolls
 c - 7 scrolls of fog
 d - 3 scrolls of magic mapping
 e - 2 scrolls of fear
 u - a scroll of blinking
 x - 5 scrolls of teleportation
 N - a scroll of identify
 T - 3 scrolls of immolation
Potions
 f - 2 potions of haste
 j - 15 potions of curing
 r - 6 potions of flight
 D - 3 potions of ambrosia
 F - 2 potions of attraction
 H - 3 potions of brilliance
 M - 2 potions of invisibility
 Q - a potion of magic
 R - 2 potions of lignification
 U - a potion of cancellation
 V - a potion of might
 W - 4 potions of heal wounds


   Skills:
 + Level 12.1 Fighting
 + Level 10.3 Short Blades
 + Level 10.3 Long Blades
 + Level 11.2 Axes
 + Level 10.3 Maces & Flails
 + Level 10.3 Polearms
 + Level 10.3 Staves
 + Level 10.3 Slings
 + Level 10.3 Bows
 + Level 10.3 Crossbows
 + Level 10.3 Throwing
 + Level 10.3 Armour
 + Level 11.2 Dodging
 + Level 13.8 Stealth
 + Level 10.3 Shields
 + Level 10.3 Unarmed Combat
 + Level 10.3 Spellcasting
 + Level 8.6 Conjurations
 + Level 8.6 Hexes
 + Level 8.6 Summonings
 + Level 8.6 Necromancy
 + Level 8.6 Translocations
 + Level 8.6 Transmutations
 + Level 8.6 Fire Magic
 + Level 8.6 Ice Magic
 + Level 8.6 Air Magic
 + Level 8.6 Earth Magic
 + Level 8.6 Poison Magic
 + Level 11.2 Invocations
 + Level 10.3 Evocations


You had 15 spell levels left.
You knew the following spells:

 Your Spells              Type           Power      Damage    Failure   Level
a - Tukima's Dance        Hex            32%        N/A       1%          3
b - Scorch                Fire           64%        2d8       1%          2
c - Flame Wave            Conj/Fire      32%        2d8       2%          4
d - Irradiate             Conj/Tmut      16%        3d18      8%          5
e - Summon Lightning Spi  Summ/Air       32%        N/A       2%          4
f - Apportation           Tloc           64%        N/A       1%          1

Your spell library contained the following spells:

 Spells                   Type           Power      Damage    Failure   Level
 Freeze                   Ice            100%       1d11      1%          1
 Necrotize                Necr           100%       1d9       1%          1
 Summon Small Mammal      Summ           100%       N/A       1%          1
 Ensorcelled Hibernation  Hex/Ice        64%        N/A       1%          2
 Poisonous Vapours        Pois/Air       64%        N/A       1%          2
 Frozen Ramparts          Ice            64%        1d8       1%          3
 Portal Projectile        Hex/Tloc       64%        N/A       1%          3
 Spider Form              Tmut/Pois      32%        N/A       1%          3
 Anguish                  Hex/Necr       16%        N/A       2%          4
 Hailstorm                Conj/Ice       32%        3d8       2%          4
 Passage of Golubria      Tloc           32%        N/A       2%          4
 Petrify                  Tmut/Erth      32%        N/A       2%          4
 Blade Hands              Tmut           16%        N/A       8%          5
 Metabolic Englaciation   Hex/Ice        16%        N/A       8%          5
 Yara's Violent Unravell  Hex/Tmut       16%        3d8       8%          5
 Statue Form              Tmut/Erth      21%        N/A       45%         6
 Summon Cactus Giant      Summ           16%        N/A       45%         6
 Dragon Form              Tmut           16%        N/A       96%         7
 Storm Form               Tmut/Air       16%        N/A       96%         7
 Maxwell's Capacitive Co  Air            16%        ∞         100%        8
 Corpse Rot               Necr/Pois/Air  Unusable   N/A       N/A         4

Dungeon Overview and Level Annotations

Branches:
Dungeon (12/15)            Temple (0/1) D:7            Lair (6/6) D:11
  Swamp (0/4) Lair:2        Snake (1/4) Lair:2        Slime (0/5) Lair:6
    Orc (2/2) D:9             Elf (0/3) Orc:2         IceCv (visited)
Volcano (visited)

Altars:
Ashenzari
Cheibriados
Dithmenos
Gozag
Kikubaaqudgha
Makhleb
Okawaru
Wu Jian
Xom
Yredelemnul
Zin
The Shining One

Shops:
D:4 *   D:7 !*((?   D:9 [(*   D:10 [   D:12 ?   Orc:2 *[((


Innate Abilities, Weirdness & Mutations

You have very sharp teeth.
Your uncanny sense of smell can sniff out nearby items.
Your experience applies equally to all skills.
You have sharp toenails.
Armour fits poorly on your strangely shaped body.
Your body often deteriorates upon taking damage.
You are frail. (-10% HP)
Your natural rate of healing is unusually fast.
You occasionally shout uncontrollably at your foes.
Your muscles are strong. (Str +2)
Your spells are a little easier to cast, but a little less powerful.


Message History

You are poisoned.
A naga ritualist comes into view. It is wielding a +0 glaive.
The mana viper bites you.
You feel your power leaking away.
Casting: Irradiate (dangerous; 8% risk of failure)
Confirm with . or Enter, or press ? or * to list all spells.
You don't have enough magic to cast this spell.
You feel sick. The mana viper barely misses you.
You feel sick.
The mana viper bites you but does no damage.
The naga mage casts a spell at the naga warrior.
The naga warrior seems to grow toxic.
The mana viper bites you.
You feel your power leaking away.
The naga warrior hits you but does no damage.
The naga warrior grabs you.
You stop ascending the stairs.
The naga warrior constricts you.
You hear a shout!
You escape the naga warrior's grasp.
You feel sick.
The naga ritualist mumbles some strange prayers to its god.
The naga ritualist begins to radiate toxic energy.
You are more poisoned.
The mana viper bites you!
Your body deteriorates!
You feel weakened.
The naga mage is distracted by your dazzling golden aura.
You climb upwards.
Welcome back to the Lair of Beasts!
You feel sick.
There is a staircase to the Snake Pit here.
You hit the mana viper but do no damage.
You bite the mana viper, but do no damage.
The mana viper is moderately wounded.
You hit the naga mage.
The naga mage is no longer distracted by gold.
The naga warrior blocks your attack.
You feel sick. The mana viper bites you!
You feel your power leaking away.
The naga warrior hits you with a +0 flail!!
* * * LOW HITPOINT WARNING * * *
You block the naga warrior's attack. The naga mage hits you with a +0 flail!
* * * LOW HITPOINT WARNING * * *
The naga mage misses you. The mana viper bites you!
You die...
Your body crumbles into a pile of gold.

### ### ######## ### ###
####P#####.####.#P.#.###.#####♣≈#
............................♣)♣≈♣
........#.#.#...............♣≈≈≈§
.........###..............♣♣♣§≈≈≈
........## #...P#.P#......♣≈§§§§§
##.......# ##......#.#####.♣§§§§§
........## #.....S...# #♣♣§§§§§
#...<...# #...#@....# ♣♣§§≈§
........# ##..N.N.#.#### ♣♣≈≈≈
#.......#####......#.##.###♣♣≈♣♣≈
#.......##.#.......#.........♣♣♣♣
.#.#.#........<#..........##.....
..............>#'.##......####...
...........................###...
..........................##.....
...........................#P....


You could see a naga warrior (curare), a mana viper and a naga mage (strong,
misshapen).

Vanquished Creatures
  A reaper (IceCv)
  A dire elephant (Lair:2)
  Snorg (Lair:3)
  Josephine (D:10)
  2 catoblepae (Lair:6)
  6 hydras
  2 boulder beetles (Lair:3)
  Erica (D:8)
  An anaconda (Snake:1)
  10 death yaks (Lair:6)
  An orc high priest (Orc:2)
  Urug (D:11)
  Amaemon (Lair:2)
  A lindwurm (Lair:6)
  A wizard (D:11)
  2 orc knights (Orc:2)
  Pikel (D:8)
  3 mana vipers (Snake:1)
  6 orc sorcerers
  2 oklob plants
  2 cyclopes
  3 manticores
  4 black mambas
  2 ice statues (IceCv)
  2 toenail golems (Volcano)
  29 elephants
  3 molten gargoyles (Volcano)
  An orange demon (Lair:2)
  Maggie (D:10)
  11 cane toads
  Psyche (D:8)
  A freezing wraith (D:8)
  6 ice devils (IceCv)
  4 rime drakes
  8 komodo dragons
  5 polar bears
  7 trolls
  Prince Ribbit (D:5)
  A meliai zombie (D:12)
  3 slime creatures
  7 blink frogs
  2 shadows
  6 wraiths
  A spriggan (Lair:2)
  A vampire (D:11)
  3 wyverns
  2 steam dragons
  74 yaks
  2 basilisks (Lair:3)
  2 death yak simulacra (IceCv)
  5 wargs
  5 vampire mosquitoes (Lair:2)
  Menkaure (D:7)
  2 harpy simulacra (IceCv)
  16 water moccasins
  3 acid dragons
  19 orc warriors
  An ice beast (D:6)
  2 black bears
  A sky beast (D:7)
  4 ogres (Orc:1)
  4 wolves (Lair:3)
  A centaur (D:7)
  A phantom (D:7)
  2 kobold brigands (D:8)
  An earth elemental (Volcano)
  14 bullfrogs
  4 two-headed ogre simulacra
  2 necrophages
  2 scorpions
  3 cane toad simulacra (IceCv)
  5 wights
  13 killer bees
  3 howler monkeys
  3 elephant simulacra
  An electric eel (Lair:2)
  A lava snake (D:8)
  A bullfrog zombie (D:7)
  4 hounds
  5 jellies (Lair:6)
  3 centaur zombies (D:7)
  19 orc priests
  Crazy Yiuf (D:2)
  29 orc wizards
  An iguana (D:5)
  A polar bear simulacrum (Orc:2)
  Natasha (twice) (D:2)
  A troll simulacrum (IceCv)
  7 spriggan simulacra
  2 wolf simulacra
  4 killer bee zombies (D:7)
  3 naga simulacra
  8 adders
  2 shadow imps
  3 white imps (IceCv)
  An ufetubus (D:6)
  3 worms
  4 dart slugs (D:1)
  71 orcs
  2 bat zombies (D:5)
  5 endoplasms
  4 giant cockroaches
  4 goblins
  4 hobgoblins
  8 quokkas
  8 ball pythons
  6 bats
  4 frilled lizards
  7 kobolds
  2 rats
  4 rat zombies (D:5)
  A butterfly (Lair:5)
  A fire vortex (Lair:1)
594 creatures vanquished.

Vanquished Creatures (collateral kills)
  An orc warlord (Orc:2)
  A catoblepas (Lair:6)
  2 lindwurms (Volcano)
  A black mamba (Snake:1)
  Joseph (D:8)
  An efreet (Volcano)
  A fire elemental (Volcano)
  A sky beast (D:8)
  An orc (Orc:2)
  2 kobolds (D:8)
12 creatures vanquished.

Vanquished Creatures (others)
  A dancing weapon (Volcano)
  An orc wizard (Orc:2)
  An orc (D:9)
  123 fungi
  99 plants
225 creatures vanquished.

Grand Total: 831 creatures vanquished

Notes
Turn   | Place    | Note
-------+----------+-------------------------------------------
     0 | D:5      | Reached skill level 9 in Stealth
     0 | D:5      | croobank the Gnoll Delver began the quest for the Orb.
     0 | D:5      | Reached XP level 1. HP: 23/23 MP: 1/1
   374 | D:3      | Reached XP level 2. HP: 27/29 MP: 2/2
   446 | D:3      | Found a glowing golden altar of the Shining One.
   655 | D:3      | Reached XP level 3. HP: 35/35 MP: 3/3
   928 | D:1      | Learned a level 3 spell: Tukima's Dance
   954 | D:1      | Reached skill level 1 in Invocations
  1173 | D:1      | Reached skill level 1 in Short Blades
  1173 | D:1      | Reached skill level 1 in Long Blades
  1173 | D:1      | Reached skill level 1 in Maces & Flails
  1173 | D:1      | Reached skill level 1 in Polearms
  1173 | D:1      | Reached skill level 1 in Staves
  1173 | D:1      | Reached skill level 1 in Slings
  1173 | D:1      | Reached skill level 1 in Bows
  1173 | D:1      | Reached skill level 1 in Crossbows
  1173 | D:1      | Reached skill level 1 in Throwing
  1173 | D:1      | Reached skill level 1 in Armour
  1173 | D:1      | Reached skill level 1 in Shields
  1173 | D:1      | Reached skill level 1 in Unarmed Combat
  1173 | D:1      | Reached skill level 1 in Spellcasting
  1173 | D:1      | Reached skill level 1 in Evocations
  1326 | D:1      | Reached XP level 4. HP: 41/41 MP: 5/5
  1744 | D:2      | Noticed Natasha
  1752 | D:2      | Killed Natasha
  1753 | D:2      | Reached skill level 1 in Conjurations
  1753 | D:2      | Reached skill level 1 in Hexes
  1753 | D:2      | Reached skill level 1 in Summonings
  1753 | D:2      | Reached skill level 1 in Necromancy
  1753 | D:2      | Reached skill level 1 in Translocations
  1753 | D:2      | Reached skill level 1 in Transmutations
  1753 | D:2      | Reached skill level 1 in Fire Magic
  1753 | D:2      | Reached skill level 1 in Ice Magic
  1753 | D:2      | Reached skill level 1 in Air Magic
  1753 | D:2      | Reached skill level 1 in Earth Magic
  1753 | D:2      | Reached skill level 1 in Poison Magic
  2127 | D:2      | Reached XP level 5. HP: 47/47 MP: 6/6
  2271 | D:2      | Noticed Natasha
  2280 | D:2      | Killed Natasha
  2296 | D:2      | Found a runed translucent door.
  2297 | D:2      | Noticed Crazy Yiuf
  2363 | D:2      | Killed Crazy Yiuf
  2605 | D:3      | Identified a scroll of acquirement
  2605 | D:3      | Acquired the +8 orange crystal plate armour {Archmagi,
                  | Int+3 Clar}
  2605 | D:3      | Found the +8 orange crystal plate armour {Archmagi, Int+3
                  | Clar}
  3420 | D:4      | Found Agawut's Assorted Antiques.
  3425 | D:4      | Bought a crude bone ring for 140 gold pieces
  3425 | D:4      | Identified the ring of Moodiness {rC+ Will+ Str+3} (You
                  | bought it in a shop on level 4 of the Dungeon)
  3577 | D:4      | Reached XP level 6. HP: 53/53 MP: 8/8
  4179 | D:5      | Found a shimmering altar of Xom.
  4249 | D:5      | Found an ornate altar of the Wu Jian Council.
  4307 | D:5      | Found a glowing silver altar of Zin.
  4321 | D:5      | Noticed Prince Ribbit
  4339 | D:5      | Killed Prince Ribbit
  4340 | D:5      | Reached skill level 5 in Axes
  4340 | D:5      | Reached skill level 5 in Dodging
  4340 | D:5      | Reached XP level 7. HP: 53/59 MP: 8/10
  4693 | D:5      | Found an ancient bone altar of Kikubaaqudgha.
  4867 | D:6      | Found a shadowy altar of Dithmenos.
  4921 | D:6      | Identified the +9 shortbow of the Eggplant {freeze, rElec}
  5010 | D:6      | Reached skill level 10 in Stealth
  5136 | D:6      | Reached XP level 8. HP: 67/67 MP: 12/12
  6018 | D:7      | Found Repoupep's Antique Weapon Shoppe.
  6056 | D:7      | Learned a level 2 spell: Scorch
  6065 | D:7      | Found a snail-covered altar of Cheibriados.
  6098 | D:7      | Found Bomeeps's General Store.
  6209 | D:7      | Found a basalt altar of Yredelemnul.
  6251 | D:7      | Noticed Menkaure
  6257 | D:7      | Killed Menkaure
  6432 | D:7      | Reached XP level 9. HP: 73/73 MP: 14/14
  6432 | D:7      | Found Quxiahy's Distillery.
  6438 | D:7      | Bought a potion of heal wounds for 70 gold pieces
  6533 | D:7      | Found Dibrel's Antique Weapon Emporium.
  6648 | D:7      | Found Yjiofi's Magic Scroll Shoppe.
  6651 | D:7      | Bought a scroll of identify for 22 gold pieces
  6651 | D:7      | Bought a scroll of identify for 22 gold pieces
  6651 | D:7      | Bought a scroll of identify for 22 gold pieces
  6680 | D:7      | Found a staircase to the Ecumenical Temple.
  6879 | D:8      | Noticed Joseph
  6895 | D:8      | Killed Joseph
  7169 | D:8      | Noticed Psyche
  7180 | D:8      | Killed Psyche
  7181 | D:8      | Reached skill level 5 in Invocations
  7295 | D:8      | Found an opulent altar of Gozag.
  7297 | D:8      | Noticed Erica
  7302 | D:8      | Killed Erica
  7303 | D:8      | Reached XP level 10. HP: 75/80 MP: 15/17
  7375 | D:8      | Noticed Pikel
  7383 | D:8      | Killed Pikel
  7384 | D:8      | Reached skill level 5 in Short Blades
  7384 | D:8      | Reached skill level 5 in Long Blades
  7384 | D:8      | Reached skill level 5 in Maces & Flails
  7384 | D:8      | Reached skill level 5 in Polearms
  7384 | D:8      | Reached skill level 5 in Staves
  7384 | D:8      | Reached skill level 5 in Slings
  7384 | D:8      | Reached skill level 5 in Bows
  7384 | D:8      | Reached skill level 5 in Crossbows
  7384 | D:8      | Reached skill level 5 in Throwing
  7384 | D:8      | Reached skill level 5 in Armour
  7384 | D:8      | Reached skill level 5 in Shields
  7384 | D:8      | Reached skill level 5 in Unarmed Combat
  7384 | D:8      | Reached skill level 5 in Spellcasting
  7384 | D:8      | Reached skill level 5 in Evocations
  7511 | D:8      | Found a burning altar of Makhleb.
  7896 | D:8      | Identified the +6 ring mail of Patience {Drain rN+++ Int+2
                  | Stlth+}
  7974 | D:8      | Identified the +7 whip of Change {chaos, rF+ rC++ rCorr
                  | Stlth+}
  8388 | D:8      | Became a worshipper of Gozag Ym Sagoz the Greedy
  8434 | D:8      | Reached skill level 11 in Stealth
  9877 | D:9      | Found Lafuim Lesi's Assorted Antiques.
  9898 | D:9      | Found an iron altar of Okawaru.
 10074 | D:9      | Found a staircase to the Orcish Mines.
 10078 | D:9      | Found Raiclic's Weapon Emporium.
 10080 | D:9      | Found Coemojuf's Armour Emporium.
 10506 | D:10     | Entered Level 10 of the Dungeon
 10607 | D:10     | Noticed Josephine
 10611 | D:10     | Gained mutation: You have sharp toenails. [potion of
                  | mutation]
 10611 | D:10     | Gained mutation: Your natural rate of healing is unusually
                  | fast. [potion of mutation]
 10611 | D:10     | Gained mutation: Your muscles are strong. (Str +2) [potion
                  | of mutation]
 10653 | D:10     | Killed Josephine
 10654 | D:10     | Reached XP level 11. HP: 46/87 MP: 19/19
 10778 | D:10     | Reached skill level 5 in Conjurations
 10778 | D:10     | Reached skill level 5 in Hexes
 10778 | D:10     | Reached skill level 5 in Summonings
 10778 | D:10     | Reached skill level 5 in Necromancy
 10778 | D:10     | Reached skill level 5 in Translocations
 10778 | D:10     | Reached skill level 5 in Transmutations
 10778 | D:10     | Reached skill level 5 in Fire Magic
 10778 | D:10     | Reached skill level 5 in Ice Magic
 10778 | D:10     | Reached skill level 5 in Air Magic
 10778 | D:10     | Reached skill level 5 in Earth Magic
 10778 | D:10     | Reached skill level 5 in Poison Magic
 10837 | D:10     | Found Raclitz's Antique Armour Shop.
 10911 | D:10     | Bought a glowing helmet for 240 gold pieces
 11249 | D:10     | Found a broken altar of Ashenzari.
 11434 | D:10     | Noticed Maggie
 11450 | D:10     | Killed Maggie
 11460 | D:10     | Learned a level 4 spell: Flame Wave
 11466 | D:10     | Learned a level 5 spell: Irradiate
 12075 | D:11     | Noticed a seven-headed hydra
 12079 | D:11     | Noticed Urug
 12228 | D:10     | Killed a seven-headed hydra
 12340 | D:11     | Killed Urug
 12434 | D:11     | Noticed a manticore
 12450 | D:11     | Killed a manticore
 12511 | D:11     | Found a staircase to the Lair.
 12713 | D:11     | Noticed a six-headed hydra
 12725 | D:11     | Killed a one-headed hydra
 12726 | D:11     | Reached XP level 12. HP: 74/96 MP: 22/22
 13209 | D:12     | Noticed a four-headed hydra
 13211 | D:12     | Found Nucrexol's Magic Scroll Emporium.
 13224 | D:12     | Killed a four-headed hydra
 13233 | D:12     | Reached skill level 12 in Stealth
 13349 | Lair:1   | Entered Level 1 of the Lair of Beasts
 13521 | Lair:1   | Reached skill level 10 in Fighting
 13554 | Lair:1   | You fall into a shaft and drop 1 floor!
 13555 | Lair:2   | Found a staircase to the Snake Pit.
 14423 | Lair:2   | Noticed a four-headed hydra
 14447 | Lair:2   | Identified the +2 chain mail "Iffojaul" {Int+3}
 14482 | Lair:2   | Identified the +3 shortbow "Unocyts" {vorpal, rPois Will+
                  | SInv Stlth+}
 14578 | Lair:2   | Reached XP level 13. HP: 97/103 MP: 24/24
 14816 | Lair:2   | Noticed a dire elephant
 14828 | Lair:2   | Killed a dire elephant
 15014 | Lair:2   | Noticed Amaemon
 15021 | Lair:2   | Killed Amaemon
 15497 | Lair:2   | Found a staircase to the Swamp.
 16580 | Lair:3   | Noticed Snorg
 16591 | Lair:3   | Killed Snorg
 17011 | Lair:4   | Reached skill level 10 in Axes
 17011 | Lair:4   | Reached skill level 10 in Dodging
 17081 | Lair:4   | Reached XP level 14. HP: 98/113 MP: 26/26
 17954 | Lair:5   | Reached skill level 13 in Stealth
 18067 | Lair:5   | Identified the +0 leather armour of Kuidunal {Contam Str+2
                  | Dex+2}
 18782 | Lair:6   | Entered Level 6 of the Lair of Beasts
 18982 | Lair:6   | Reached skill level 10 in Invocations
 18997 | Lair:6   | Found a staircase to the Slime Pits.
 19103 | Lair:6   | Found a dark tunnel.
 19112 | Volcano  | Entered a volcano
 19339 | Volcano  | Learned a level 4 spell: Summon Lightning Spire
 19376 | Volcano  | Learned a level 1 spell: Apportation
 19812 | Lair:6   | Identified the +1 plate armour of the Spider Nest {Int+4}
 20002 | Lair:6   | Gained mutation: You are frail. (-10% HP) [mutagenic glow]
 20504 | Lair:6   | Reached XP level 15. HP: 105/108 MP: 13/28
 20509 | Lair:6   | Gained mutation: You occasionally shout uncontrollably at
                  | your foes. [mutagenic glow]
 21519 | Orc:1    | Entered Level 1 of the Orcish Mines
 21867 | Orc:2    | Entered Level 2 of the Orcish Mines
 21899 | Orc:2    | Noticed an orc warlord
 22342 | Orc:2    | Found a frozen archway.
 22393 | IceCv    | Entered an ice cave
 22420 | IceCv    | Reached skill level 10 in Short Blades
 22420 | IceCv    | Reached skill level 10 in Long Blades
 22420 | IceCv    | Reached skill level 10 in Maces & Flails
 22420 | IceCv    | Reached skill level 10 in Polearms
 22420 | IceCv    | Reached skill level 10 in Staves
 22420 | IceCv    | Reached skill level 10 in Slings
 22420 | IceCv    | Reached skill level 10 in Bows
 22420 | IceCv    | Reached skill level 10 in Crossbows
 22420 | IceCv    | Reached skill level 10 in Throwing
 22420 | IceCv    | Reached skill level 10 in Armour
 22420 | IceCv    | Reached skill level 10 in Shields
 22420 | IceCv    | Reached skill level 10 in Unarmed Combat
 22420 | IceCv    | Reached skill level 10 in Spellcasting
 22420 | IceCv    | Reached skill level 10 in Evocations
 22520 | IceCv    | Gained mutation: Your body sometimes deteriorates upon
                  | taking damage. [mutagenic glow]
 22544 | IceCv    | Gained mutation: Your body often deteriorates upon taking
                  | damage. [mutagenic glow]
 23026 | IceCv    | Identified the +4 hand axe of Cicvo {vorpal, Dex+7}
 23241 | Orc:1    | Gained mutation: Armour fits poorly on your strangely
                  | shaped body. [mutagenic glow]
 23977 | Orc:2    | Found a staircase to the Elven Halls.
 23995 | Orc:2    | Gained mutation: Your spells are a little easier to cast,
                  | but a little less powerful. [mutagenic glow]
 24485 | Orc:2    | Killed an orc warlord
 24619 | Orc:2    | Found Ulaurou's Assorted Antiques.
 24620 | Orc:2    | Found Eptask's Armour Boutique.
 24621 | Orc:2    | Found Toithron's Weapon Shop.
 24625 | Orc:2    | Found Osemutosm's Weapon Shop.
 24926 | Snake:1  | Entered Level 1 of the Snake Pit
 25087 | Lair:2   | Slain by a mana viper

Illustrated notes

Levels and vault maps discovered:
D:1:      dpeg_arrival_snail, layout_basic
D:2:      layout_loops_ring, uniq_natasha, uniq_crazy_yiuf_cottage
D:3:      layout_basic, lemuel_coloured_pillars_altar, grunt_decor_clamped
D:4:      layout_layer_cave, serial_shops, nicolae_shop_crystal,
          patterned_corridor
D:5:      layout_loops_ring, mainiacjoe_overflow_six_doors_small,
          mainiacjoe_overflow_brackets, lemuel_zombie_altar_kikubaaqudgha,
          mainiacjoe_overflow_alcove_1, uniq_prince_ribbit1
D:6:      layout_loops_ring, mainiacjoe_overflow_chevrons,
          minmay_misc_feat_doors
D:7:      layout_rooms, nicolae_yredelemnul_corpse_copse,
          mainiacjoe_overflow_24_doors, temple_green, serial_shops,
          kennysheep_mini, shop_fountains, shop, shop, shop_statue,
          uniq_menkaure
D:8:      layout_loops_ring, lemuel_crystal_altar,
          mainiacjoe_overflow_boulevard, kennysheep_decorative_pillar,
          kennysheep_just_a_vault, uniq_psyche, uniq_erica, uniq_pikel,
          uniq_joseph
D:9:      layout_gridville, general_overflow_altar, orc_david_3, serial_shops,
          nicolae_shop_behind_doors
D:10:     layout_basic, mainiacjoe_overflow_cross_hatched, serial_shops,
          nicolae_shop_stone, chequers_serial_rivers_large_a, uniq_josephine,
          uniq_maggie
D:11:     layout_cave_pools, grunt_lair_entry_orc_guard_hut, uniq_urug
D:12:     layout_big_octagon, serial_shops, nicolae_shop_behind_doors,
          serial_undead, serial_undead_d, serial_undead_a, serial_undead_e,
          serial_undead_f, serial_undead_a, serial_undead_f, uniq_lodul
Lair:1:   layout_gridlike, hangedman_lair_generics_rect
Lair:2:   mu_elephants_graveyard, layout_chaotic_city, minmay_swamp_entry_swarm,
          minmay_holes, uniq_amaemon
Lair:3:   layout_regular_city, cheibrodos_lair_caveside_slide,
          infiniplex_staircase_pool_2, serial_bayou_shore_b, uniq_snorg
Lair:4:   layout_misc_corridors, chequers_serial_rivers_micro_b
Lair:5:   layout_cave_pods, lemuel_fruit_fields
Lair:6:   evilmike_catoblepas_cave, layout_gridlike,
          nicolae_slime_entry_slimehenge, enter_volcano_2, grunt_megastairs_5
Snake:1:  layout_layer_cave
Orc:1:    layout_caves, nicolae_orc_rockfall
Orc:2:    st_orc_mages, layout_caves, portal_ice_cave_entry_ice_simulacra

Skill      XL: |  1  2  3  4  5  6  7  8  9 10 11 12 13 14 15 |
---------------+----------------------------------------------+-----
Stealth        | 10 11 12 13 | 13.8
Invocations    | 1 2 3 4 5 6 7 8 9 10 11 | 11.2
Short Blades   | 1 2 3 4 5 6 7 8 9 10 | 10.3
Long Blades    | 1 2 3 4 5 6 7 8 9 10 | 10.3
Maces & Flails | 1 2 3 4 5 6 7 8 9 10 | 10.3
Polearms       | 1 2 3 4 5 6 7 8 9 10 | 10.3
Staves         | 1 2 3 4 5 6 7 8 9 10 | 10.3
Slings         | 1 2 3 4 5 6 7 8 9 10 | 10.3
Bows           | 1 2 3 4 5 6 7 8 9 10 | 10.3
Crossbows      | 1 2 3 4 5 6 7 8 9 10 | 10.3
Throwing       | 1 2 3 4 5 6 7 8 9 10 | 10.3
Armour         | 1 2 3 4 5 6 7 8 9 10 | 10.3
Shields        | 1 2 3 4 5 6 7 8 9 10 | 10.3
Unarmed Combat | 1 2 3 4 5 6 7 8 9 10 | 10.3
Spellcasting   | 1 2 3 4 5 6 7 8 9 10 | 10.3
Evocations     | 1 2 3 4 5 6 7 8 9 10 | 10.3
Conjurations   | 1 2 3 4 5 6 7 8 |  8.6
Hexes          | 1 2 3 4 5 6 7 8 |  8.6
Summonings     | 1 2 3 4 5 6 7 8 |  8.6
Necromancy     | 1 2 3 4 5 6 7 8 |  8.6
Translocations | 1 2 3 4 5 6 7 8 |  8.6
Transmutations | 1 2 3 4 5 6 7 8 |  8.6
Fire Magic     | 1 2 3 4 5 6 7 8 |  8.6
Ice Magic      | 1 2 3 4 5 6 7 8 |  8.6
Air Magic      | 1 2 3 4 5 6 7 8 |  8.6
Earth Magic    | 1 2 3 4 5 6 7 8 |  8.6
Poison Magic   | 1 2 3 4 5 6 7 8 |  8.6
Axes           | 5 6 7 8 9 10 11 | 11.2
Dodging        | 5 6 7 8 9 10 11 | 11.2
Fighting       | 7 8 9 10 11 12 | 12.1

Action                   |  1- 3 |  4- 6 |  7- 9 | 10-12 | 13-15 || total
-------------------------+-------+-------+-------+-------+-------++-------
Melee: Hand axe          |    48 |       |       |       |       ||    48
       Bite              |     7 |     9 |    38 |   131 |   162 ||   347
       War axe           |    36 |    91 |   228 |   181 |       ||   536
       Dagger            |    19 |    19 |       |       |     3 ||    41
       Punch             |       |       |     6 |    34 |    73 ||   113
       Unarmed           |       |       |     2 |       |       ||     2
       Whip              |       |       |       |   415 |   260 ||   675
       Scimitar          |       |       |       |    19 |    20 ||    39
       Broad axe         |       |       |       |   237 |   683 ||   920
       Morningstar       |       |       |       |    32 |       ||    32
 Fire: Shortbow          |       |       |    31 |    31 |     5 ||    67
Throw: Dart              |       |       |       |       |     3 ||     3
 Cast: Flame Wave        |       |       |       |     2 |       ||     2
       Irradiate         |       |       |       |     1 |    93 ||    94
       Summon Lightning  |       |       |       |       |    14 ||    14
       Tukima's Dance    |       |       |       |       |     6 ||     6
       Scorch            |       |       |       |       |     3 ||     3
       Apportation       |       |       |       |       |     2 ||     2
Evoke: Wand              |       |       |       |     3 |    19 ||    22
  Use: Scroll            |     1 |     5 |    13 |    12 |     9 ||    40
       Potion            |       |       |       |     9 |     6 ||    15
 Stab: Sleeping          |    18 |    10 |       |       |    12 ||    40
       Confused          |       |       |       |     5 |     3 ||     8
       Distracted        |       |       |       |     3 |    17 ||    20
       Paralysed         |       |       |       |     2 |     6 ||     8
       Invisible         |       |       |       |       |     2 ||     2
Armor: Leather armour    |     3 |       |       |       |       ||     3
       Ring mail         |    31 |    15 |       |       |   255 ||   301
       Crystal plate arm |       |    42 |   338 |   877 |   434 ||  1691
       Steam dragon scal |       |       |       |    25 |       ||    25
Dodge: Dodged            |    29 |    32 |    20 |   145 |   511 ||   737
Block: Other             |    25 |    22 |    86 |   162 |   229 ||   524
       Reflection        |       |     1 |     3 |     5 |     3 ||    12
       Buckler           |       |       |       |   106 |       ||   106

Table legend: (Time is in decaauts)
 A = Elapsed time spent in this place.
 B = Non-inter-level travel time spent in this place.
 C = Inter-level travel time spent in this place.
 D = Time resting spent in this place.
 E = Time spent auto-exploring this place.
 F = Levels seen in this place.
 G = Mean time per level.
                   A        B        C        D        E       F      G
               +--------+--------+--------+--------+--------+-----+--------+
         Total |  25266 |  24165 |   1101 |   3701 |  13546 |  23 | 1098.5 |
       Dungeon |  13716 |  13057 |    659 |   2171 |   7585 |  12 | 1143.0 |
          Lair |   7685 |   7338 |    347 |    539 |   4661 |   6 | 1280.8 |
     Snake Pit |     27 |     27 |      0 |      0 |      0 |   1 |   27.0 |
  Orcish Mines |   2451 |   2357 |     94 |    750 |    924 |   2 | 1225.5 |
      Ice Cave |    763 |    763 |      0 |     61 |    296 |   1 |  763.0 |
       Volcano |    622 |    622 |      0 |    180 |     80 |   1 |  622.0 |
               +--------+--------+--------+--------+--------+-----+--------+

Top non-repeatable levels by time:
     D:8: 2303 daAuts
    D:10: 1738 daAuts
  Lair:6: 1720 daAuts
  Lair:5: 1448 daAuts
  Lair:2: 1435 daAuts
   Orc:1: 1360 daAuts
     D:7: 1347 daAuts
     D:4: 1246 daAuts
     D:9: 1228 daAuts
    D:11: 1121 daAuts
     D:3: 1115 daAuts
  Lair:1: 1110 daAuts
   Orc:2: 1090 daAuts
  Lair:3: 1035 daAuts
     D:2: 991 daAuts
